 Dungeon Crawl Stone Soup version 0.31.0-11-ge490571c62 (webtiles) character file.

Game seed: 9885124656385824321

253 qw the Skirmisher (level 5, -4/30 HPs)
             Began as a Deep Elf Hunter on Feb 5, 2024.
             Killed from afar by Sigmund (5 damage)
             ... with a puff of flame
             ... on level 3 of the Dungeon.
             The game lasted 00:01:00 (2263 turns).

qw the Skirmisher (Deep Elf Hunter)                 Turns: 2263, Time: 00:01:01

Health: -4/30      AC:  6    Str: 10    XL:     5   Next: 90%
Magic:  7/7        EV: 14    Int: 14    God:
Gold:   36         SH:  0    Dex: 18    Spells: 4/4 levels left

rFire   . . .        a - +0 shortbow
rCold   + . .        (shield currently unavailable)
rNeg    . . .        g - +0 scale mail {rC+}
rPois   .            (no helmet)
rElec   .            (no cloak)
rCorr   .            (no gloves)
SInv    .            (no boots)
Will    .....        (no amulet)
Stlth   +            j - +5 ring of evasion
HPRegen 0.25/turn    (no ring)
MPRegen 0.10/turn

%: no passive effects
@: no status effects
A: no striking features
a: no special abilities


You were on level 3 of the Dungeon.
You visited 1 branch of the dungeon, and saw 3 of its levels.

You collected 176 gold pieces.
You spent 140 gold pieces at shops.


   Skills:
 - Level 2.0 Fighting
 + Level 9.0 Ranged Weapons
 - Level 1.0 Armour
 - Level 2.4 Dodging
 - Level 1.2 Stealth


You had 4 spell levels left.
You didn't know any spells.
Your spell library was empty.

Inventory:

Hand Weapons
 a - a +0 shortbow (weapon)
Armour
 b - a scarf of repulsion
 g - a +0 scale mail of cold resistance (worn)
 k - a +0 ring mail
 l - a +1 pair of boots
Jewellery
 h - a +6 ring of dexterity
 j - a +5 ring of evasion (left hand)
Scrolls
 m - a scroll of teleportation
Potions
 c - a potion of lignification {unknown}
 d - 3 potions of curing
 e - a potion of invisibility {unknown}
 i - 2 potions of attraction {unknown}
 n - a potion of mutation {unknown}

Dungeon Overview and Level Annotations

Branches:
Dungeon (3/15)

Altars:

Shops:
D:2 *

Annotations:
D:3 Sigmund


Message History

2245 ||| FLEEEEING.
You shoot an arrow. You shoot an arrow. You shoot an arrow. You shoot an arrow.
You shoot an arrow.
Your extra speed is starting to run out.
You shoot an arrow. You shoot an arrow. The arrow hits the kobold.
You kill the kobold!
Your Armour skill increases to level 1!
You shoot an arrow. You shoot an arrow. You shoot an arrow. You shoot an arrow.
You feel yourself slow down.
You hear a zap.
A puff of flame appears from out of thin air!
The puff of flame misses you.
You shoot an arrow. Something hits you but does no damage.
You shoot an arrow.
You hear a zap.
A puff of flame appears from out of thin air!
The puff of flame misses you.
You shoot an arrow. Something hits you but does no damage.
You shoot an arrow. Something hits you!
You shoot an arrow. Something hits you!
You shoot an arrow.
You hear a zap.
A puff of flame appears from out of thin air!
The puff of flame hits you!
You shoot an arrow.
You hear some strange, mumbled words.
A puff of flame appears from out of thin air!
The puff of flame hits you.
You die...

..# #.P#)#P## ###
#..#K#..#
##########
##.#.#..#
#........# #
#.#P.# %######.##
#.#P## ##.....##
#.# ##)##..# #.#
##.#.## ####{#
.##.##..# ##.@..#
##.####?# #..####
......#.######.##
#####.)........#
# ##...####### ##
##..# .### ####
..(## ##..#


There were no monsters in sight!

Vanquished Creatures
  2 orc priests (D:3)
  Jessica (D:3)
  Terence (D:2)
  Natasha (twice) (D:3)
  3 adders
  A dart slug (D:2)
  A ribbon worm (D:2)
  3 orcs (D:3)
  7 endoplasms
  5 hobgoblins
  8 jackals
  6 kobolds
  2 quokkas
  6 ball pythons
  4 bats
  2 frilled lizards
  3 goblins (D:1)
  6 rats
63 creatures vanquished.

Notes
Turn   | Place    | Note
-------+----------+-------------------------------------------
     0 | D:1      | qw the Deep Elf Hunter began the quest for the Orb.
     0 | D:1      | Reached XP level 1. HP: 12/12 MP: 3/3
     0 | D:1      | 0 ||| qw: Version: 0.3-a-160-g6735b56
     0 | D:1      | 0 ||| qw: Game counter: 6419
     0 | D:1      | 0 ||| qw: Melee chars always use a shield: true
     0 | D:1      | 0 ||| qw: God list: Okawaru
     0 | D:1      | 0 ||| qw: Allow faded altars: false
     0 | D:1      | 0 ||| qw: Do Orc after clearing Dungeon:15 true
     0 | D:1      | 0 ||| qw: Do second Lair branch before Depths: true
     0 | D:1      | 0 ||| qw: Lair rune preference: random
     0 | D:1      | 0 ||| qw: Goals: Normal
     0 | D:1      | 0 ||| PLANNING D:1-11
    52 | D:1      | Reached skill level 6 in Ranged Weapons
    52 | D:1      | Reached XP level 2. HP: 16/16 MP: 4/4
   660 | D:1      | Reached XP level 3. HP: 20/20 MP: 5/5
   791 | D:1      | 791 ||| UPGRADING to +0 scale mail.
   801 | D:1      | 801 ||| DROPPING +0 leather armour.
   802 | D:1      | 802 ||| READING scroll labelled PEWEGUJUXO.
   803 | D:1      | 803 ||| READING scroll labelled TAZAOT UPAEBOB.
   904 | D:1      | 904 ||| READING scroll labelled YJOXIE DEIFOA.
   905 | D:1      | 905 ||| DRINKING 2 silvery potions.
   906 | D:1      | 906 ||| DROPPING scroll of butterflies.
  1037 | D:2      | Reached skill level 7 in Ranged Weapons
  1109 | D:2      | Noticed Terence
  1123 | D:2      | HP: 3/20 [Terence/+0 flail (5)]
  1124 | D:2      | HP: 1/20 [Terence/+0 flail (3)]
  1126 | D:2      | Killed Terence
  1127 | D:2      | Reached XP level 4. HP: 2/25 MP: 6/6
  1599 | D:2      | Found Niemmi's General Store.
  1608 | D:2      | 1608 ||| BUYING +0 ring mail (56 gold).
  1608 | D:2      | Bought a +0 ring mail for 56 gold pieces
  1608 | D:2      | 1608 ||| BUYING potion of curing (42 gold).
  1608 | D:2      | Bought a potion of curing for 42 gold pieces
  1608 | D:2      | 1608 ||| BUYING potion of curing (42 gold).
  1608 | D:2      | Bought a potion of curing for 42 gold pieces
  1608 | D:2      | 1608 ||| SHOPLISTING scroll of identify (28 gold, have 5).
  1716 | D:2      | 1716 ||| UPGRADING to +0 scale mail of cold resistance.
  1726 | D:2      | 1726 ||| DROPPING +0 scale mail.
  1727 | D:2      | 1727 ||| UPGRADING to +5 ring of evasion.
  1728 | D:2      | 1728 ||| READING scroll labelled XAYTTOAHOO.
  1733 | D:2      | 1733 ||| DRINKING 2 coppery potions.
  1743 | D:3      | 1743 ||| STAIRDANCE
  1749 | D:3      | 1749 ||| STAIRDANCE
  1764 | D:3      | 1764 ||| STAIRDANCE
  1786 | D:3      | Reached skill level 8 in Ranged Weapons
  1799 | D:3      | HP: 1/25 [orc priest/nerve-wracking pain (12)]
  1800 | D:3      | 1800 ||| DRINKING potion of heal wounds.
  1803 | D:3      | Reached XP level 5. HP: 29/29 MP: 7/7
  1929 | D:3      | Noticed Natasha
  1930 | D:3      | 1930 ||| DRINKING 2 potions of haste.
  1931 | D:3      | 1931 ||| FLEEEEING.
  1932 | D:3      | 1932 ||| FLEEEEING.
  1933 | D:3      | 1933 ||| FLEEEEING.
  1934 | D:3      | 1934 ||| FLEEEEING.
  1935 | D:3      | 1935 ||| FLEEEEING.
  1936 | D:3      | 1936 ||| FLEEEEING.
  1937 | D:3      | 1937 ||| FLEEEEING.
  1938 | D:3      | 1938 ||| FLEEEEING.
  1939 | D:3      | 1939 ||| FLEEEEING.
  1941 | D:3      | 1941 ||| FLEEEEING.
  1942 | D:3      | 1942 ||| FLEEEEING.
  1951 | D:3      | Killed Natasha
  1952 | D:3      | Reached skill level 9 in Ranged Weapons
  2094 | D:3      | Noticed Natasha
  2108 | D:3      | Killed Natasha
  2190 | D:3      | Noticed Jessica
  2198 | D:3      | Killed Jessica
  2218 | D:3      | Noticed Sigmund
  2219 | D:3      | 2219 ||| DRINKING potion of haste.
  2220 | D:3      | 2220 ||| FLEEEEING.
  2223 | D:3      | 2223 ||| FLEEEEING.
  2226 | D:3      | 2226 ||| FLEEEEING.
  2229 | D:3      | 2229 ||| FLEEEEING.
  2230 | D:3      | 2230 ||| FLEEEEING.
  2231 | D:3      | 2231 ||| FLEEEEING.
  2232 | D:3      | 2232 ||| FLEEEEING.
  2233 | D:3      | 2233 ||| FLEEEEING.
  2234 | D:3      | 2234 ||| FLEEEEING.
  2235 | D:3      | 2235 ||| FLEEEEING.
  2236 | D:3      | 2236 ||| FLEEEEING.
  2237 | D:3      | 2237 ||| FLEEEEING.
  2238 | D:3      | 2238 ||| FLEEEEING.
  2239 | D:3      | 2239 ||| FLEEEEING.
  2240 | D:3      | 2240 ||| FLEEEEING.
  2241 | D:3      | 2241 ||| FLEEEEING.
  2242 | D:3      | 2242 ||| FLEEEEING.
  2243 | D:3      | 2243 ||| FLEEEEING.
  2244 | D:3      | 2244 ||| FLEEEEING.
  2245 | D:3      | 2245 ||| FLEEEEING.
  2253 | D:3      | Reached skill level 1 in Armour
  2262 | D:3      | HP: 1/30 [something/puff of flame (12)]
  2263 | D:3      | Killed from afar by Sigmund

Levels and vault maps discovered:
D:1:      onia_arrival_handbag, layout_basic, serial_forest,
          infiniplex_forest_end_3, infiniplex_forest_straight_4,
          infiniplex_forest_straight_3, infiniplex_forest_clump_C,
          infiniplex_forest_clump_diagonal, infiniplex_forest_lined_4_way,
          infiniplex_forest_end_3
D:2:      layout_loops_cross, serial_shops, shop, corexii_hall_statues_t,
          hangedman_decor_push, uniq_terence
D:3:      layout_rooms, serial_aquarium, aquarium_bridge_island_small
          [aquarium_subvault_small_open, aquarium_subvault_wall,
          aquarium_subvault_window, aquarium_subvault_bridge,
          aquarium_subvault_bridge], aquarium_bridge_square
          [aquarium_subvault_bridge, aquarium_subvault_wall,
          aquarium_subvault_window, aquarium_subvault_bridge],
          aquarium_window_corridor_1, aquarium_window_fake,
          aquarium_window_corner, aquarium_view_2d,
          hellmonk_ecumenical_altar_inner_sanctum,
          chequers_serial_rivers_small_3, minmay_cut_off,
          uniq_crazy_yiuf_cottage, uniq_sigmund, uniq_jessica, uniq_natasha

Skill      XL: |  1  2  3  4  5 |
---------------+----------------+-----
Ranged Weapons | 6 7 8 9 |  9.0
Fighting       | 2 |  2.0
Armour         | 1 |  1.0
Dodging        | |  2.4
Stealth        | |  1.2

Action                     |  1- 3 |  4- 6 || total
---------------------------+-------+-------++-------
   Fire: Shortbow          |   103 |   119 ||   222
    Use: Scroll            |     3 |     1 ||     4
         Potion            |     1 |     4 ||     5
 Armour: Leather armour    |    19 |       ||    19
         Scale mail        |    11 |    61 ||    72
  Dodge: Dodged            |    24 |    59 ||    83

Table legend:
 A = Non-vault XP
 B = Vault XP
 C = Vault XP percentage of total XP
 D = Non-vault monster count
 E = Vault monster count
 F = Vault count percentage of total count
                 A         B        C        D         E       F
            +---------+---------+-------+---------+---------+-------
      Total |     245 |     117 |  32.3 |      53 |      10 |  15.9
            +---------+---------+-------+---------+---------+-------
        D:1 |      38 |       4 |   9.5 |      22 |       4 |  15.4
        D:2 |      56 |      37 |  39.8 |      17 |       2 |  10.5
        D:3 |     151 |      76 |  33.5 |      14 |       4 |  22.2
            +---------+---------+-------+---------+---------+-------
